 Dungeon Crawl Stone Soup version 0.30-a0-269-gf0224bf7b6 (webtiles) character file.

Game seed: 2993736830100590989

49550 greynaab the Thaumaturge (level 14, -4/108 HPs)
             Began as a Gnoll Earth Elementalist on Oct 14, 2022.
             Was a High Priest of Vehumet.
             Killed by divine providence
             ... invoked by Saint Roka
              (10 damage)
             ... on level 2 of the Orcish Mines on Oct 15, 2022.
             The game lasted 01:32:56 (21405 turns).

greynaab the Thaumaturge (GnEE)                    Turns: 21405, Time: 01:32:57

Health: -4/108     AC: 16    Str:  8    XL:     14   Next: 51%
Magic:  11/37      EV: 15    Int: 20    God:    Vehumet [*****.]
Gold:   1513       SH:  8    Dex: 15    Spells: 2/34 levels left

rFire   . . .      SeeInvis .    D - +2 dagger (venom)
rCold   . . .      Faith    .    z - +2 buckler
rNeg    + . .      Spirit   .    w - +0 acid dragon scales
rPois   +          Reflect  .    H - +2 hat
rElec   .          Harm     +    (no cloak)
rCorr   +          Rampage  .    u - +2 pair of gloves
Will    +....                    Y - +1 pair of boots
Stlth   ++++......               P - amulet of Ceaczuch {RegenMP Harm}
HPRegen 0.38/turn                Z - ring "Voruexeh" {Fly rN+ rCorr MP+9 Dex+3}
MPRegen 0.65/turn                L - ring of poison resistance

@: swift, flying, hasted, very quick
A: fangs 1, strong nose, distributed training, wild magic 1, no potion heal 1
a: Renounce Religion


You were on level 2 of the Orcish Mines.
You worshipped Vehumet.
Vehumet was extremely pleased with you.
You visited 4 branches of the dungeon, and saw 18 of its levels.
You also visited: Sewer.

You collected 1513 gold pieces.

Inventory:

Hand Weapons
 b - a +0 sling
 g - a +2 vampiric war axe
 D - a +2 dagger of venom (weapon)
 J - the +11 short sword "Aqeudd" {vorpal, rPois}
   (You took it off a centaur on level 3 of the Lair of Beasts)

   It inflicts extra damage upon your enemies.
   rPois:     It protects you from poison.
Missiles
 q - 34 poisoned darts (quivered)
 M - 15 boomerangs
 O - a curare-tipped dart
Armour
 l - a +0 helmet
 n - a +0 robe
 u - a +2 pair of gloves (worn)
 w - +0 acid dragon scales (worn)
 z - a +2 buckler (worn)
 H - a +2 hat (worn)
 T - +0 fire dragon scales
 Y - a +1 pair of boots (worn)
Magical Staves
 a - a staff of earth
Jewellery
 i - a ring of willpower
 o - an amulet of reflection
 L - a ring of poison resistance (right hand)
 P - the amulet of Ceaczuch (around neck) {RegenMP Harm}
   (You found it on level 5 of the Lair of Beasts)

   [amulet of magic regeneration]

   It increases your rate of magic regeneration.
   Harm:      It increases damage dealt and taken.
 X - an amulet of the acrobat
 Z - the ring "Voruexeh" (left hand) {Fly rN+ rCorr MP+9 Dex+3}
   (You found it on level 8 of the Dungeon)

   [ring of magical power]

   Dex:       It affects your dexterity (+3).
   rN:        It protects you from negative energy.
   MP:        It affects your magic capacity (+9).
   Fly:       It grants you flight.
   rCorr:     It protects you from acid and corrosion.
Wands
 v - a wand of charming (12)
 F - a wand of mindburst (6)
 S - a wand of flame (14)
 W - a wand of polymorph (11)
Scrolls
 c - a scroll of summoning
 f - a scroll of vulnerability
 j - 2 scrolls of fog
 k - 4 scrolls of poison
 r - a scroll of silence
 y - a scroll of amnesia
 A - 2 scrolls of torment
 C - 5 scrolls of teleportation
 E - 4 scrolls of identify
 G - a scroll of brand weapon
 K - 2 scrolls of enchant weapon
 U - a scroll of magic mapping
Potions
 d - a potion of cancellation
 e - 2 potions of resistance
 h - 8 potions of curing
 m - 2 potions of berserk rage
 p - 4 potions of attraction
 s - 2 potions of flight
 t - a potion of ambrosia
 x - a potion of magic
 B - 2 potions of might
 N - a potion of haste
Miscellaneous
 V - a box of beasts (inert)


   Skills:
 + Level 9.6 Fighting
 + Level 9.6 Short Blades
 + Level 9.6 Long Blades
 + Level 9.6 Axes
 + Level 9.6 Maces & Flails
 + Level 9.6 Polearms
 + Level 9.6 Staves
 + Level 9.6 Ranged Weapons
 + Level 9.6 Throwing
 + Level 9.6 Armour
 + Level 10.7 Dodging
 + Level 10.5 Stealth
 + Level 9.6 Shields
 + Level 9.6 Unarmed Combat
 + Level 10.8 Spellcasting
 + Level 8.0 Conjurations
 + Level 8.0 Hexes
 + Level 8.0 Summonings
 + Level 8.0 Necromancy
 + Level 8.0 Translocations
 + Level 8.3 Transmutations
 + Level 8.0 Fire Magic
 + Level 8.0 Ice Magic
 + Level 8.0 Air Magic
 + Level 9.8 Earth Magic
 + Level 8.0 Poison Magic
 + Level 10.5 Invocations
 + Level 9.6 Evocations


You had 2 spell levels left.
You knew the following spells:

 Your Spells              Type           Power      Damage    Failure   Level
a - Sandblast             Erth           100%       2d20      1%          1
b - Stone Arrow           Conj/Erth      100%       3d13      1%          3
c - Petrify               Tmut/Erth      57%        N/A       5%          4
d - Airstrike             Air            27%        2d(4-20)  1%          4
e - Swiftness             Air            54%        N/A       2%          3
f - Ignite Poison         Fire/Tmut/Pois 54%        N/A       1%          3
g - Freezing Cloud        Conj/Ice/Air   27%        6-21      4%          5
h - Fireball              Conj/Fire      27%        3d12      4%          5
i - Olgreb's Toxic Radia  Pois           54%        N/A       1%          4

Your spell library contained the following spells:

 Spells                   Type           Power      Damage    Failure   Level
 Foxfire                  Conj/Fire      100%       2x1d9     1%          1
 Shock                    Conj/Air       100%       1d9       1%          1
 Passwall                 Tmut/Erth      47%        N/A       1%          2
 Dazzling Flash           Conj/Hex       100%       N/A       1%          3
 Iskenderun's Mystic Bla  Conj/Tloc      54%        2d12      1%          4
 Iskenderun's Battlesphe  Conj           54%        2d10      4%          5
 Summon Ice Beast         Ice/Summ       54%        N/A       7%          4
 Iron Shot                Conj/Erth      28%        9d6       16%         6
 Summon Mana Viper        Hex/Summ       54%        N/A       17%         5
 Starburst                Conj/Fire      27%        6d9       22%         6
 Spellforged Servitor     Conj/Summ      27%        N/A       71%         7
 Monstrous Menagerie      Summ           27%        N/A       99%         7


Dungeon Overview and Level Annotations

Branches:
Dungeon (10/15) Zot: 24735  Temple (1/1) D:5 Zot: 5678    Lair (5/5) D:8 Zot: 22857
 Shoals (0/4) Lair:3        Snake (0/4) Lair:2        Slime (0/5) Lair:4
    Orc (2/2) D:9 Zot: 10133     Elf (0/3) Orc:2         Sewer (visited)

Altars:
Ashenzari
Cheibriados
Dithmenos
Elyvilon
Fedhas
Hepliaklqana
Kikubaaqudgha
Makhleb
Nemelex Xobeh
Okawaru
Qazlal
Ru
Sif Muna
Trog
Uskayaw
Vehumet
Wu Jian
Xom
Yredelemnul
Zin
The Shining One
Jiyva
Lugonu

Shops:
D:10 *   Orc:2 [=*(

Portals:
Abyss: Lair:5

Annotations:
Orc:2 Saint Roka


Innate Abilities, Weirdness & Mutations

You have very sharp teeth.
Your uncanny sense of smell can sniff out nearby items.
Your experience applies equally to all skills.
Your spells are a little harder to cast, but a little more powerful.
Potions are less effective at restoring your health.


Message History

Aiming: Airstrike (mildly dangerous; 1% risk of failure)
Press: ? - help, Dir - move target, f/p - Saint Roka
Aim: Saint Roka, wielding a +2 great mace of protection and wearing a +2 plate armour of poison resistance (flame, almost dead, inner flame, empty space bonus: 8/8)
The air twists around and strikes Saint Roka!
Flame seeps out of Saint Roka.
Saint Roka is almost dead.
Okay, then.
Unknown command.
Casting: Airstrike (mildly dangerous; 1% risk of failure)
Confirm with . or Enter, or press ? or * to list all spells.
You feel quick.
Saint Roka hits you with a +2 great mace of protection!!
* * * LOW HITPOINT WARNING * * *
Saint Roka invokes the aid of Beogh against you.
Beogh smites you!
* * * LOW HITPOINT WARNING * * *
Things that are here:
a +0 war axe; a +0 chain mail; an orc skeleton Unknown command.
Your system partially rejects the healing.
You feel much better.
You feel yourself speed up.
Saint Roka mumbles some strange prayers to Beogh against you.
Beogh smites you!
* * * LOW HITPOINT WARNING * * *
Your system partially rejects the healing.
You feel much better.
Saint Roka invokes the aid of Beogh against you.
Beogh smites you!
* * * LOW HITPOINT WARNING * * *
Your system partially rejects the healing.
You feel much better.
Saint Roka mumbles some strange prayers to Beogh against you.
Beogh smites you!
* * * LOW HITPOINT WARNING * * *
As you read the scroll of fog, it crumbles to dust.
The scroll dissolves into smoke.
Saint Roka invokes the aid of Beogh against you.
Beogh smites you!
You die...

..^.#...# ###.........## ###.##
#....#.## #..#....### ###.
#[...### ##......## #.. .....#
##.#....## ##. ...### #......##
## .### ##.....).# # ..#
#.^..)...## .[## ##...§.§..# #
...## #### ##..§@§####### #
.)..###∩.## #..§§§# ##.∩# #
......#...###8..)8###...# #
[....###...##..)o.##...## #
..#...###...#.....#...## ..##..#
##...........## ###
.##...#####°)°))....#######.##
.##.....8....○○......).8.....#
.......).............)).....####


You could see Saint Roka (inner flame).

Vanquished Creatures
  An ettin (Orc:2)
  4 hydras
  A catoblepas (Lair:2)
  11 death yaks
  A two-headed ogre (D:10)
  2 thrashing horrors (Lair:5)
  An orc high priest (Orc:2)
  3 ugly things
  2 wolf spiders (Lair:2)
  4 orc sorcerers
  5 orc knights (Orc:2)
  A cyclops (Orc:2)
  2 black mambas
  2 smoke demons (Lair:5)
  3 torpor snails
  2 large abominations (Lair:5)
  An unseen horror (D:9)
  2 rime drakes
  9 cane toads
  A kobold demonologist (D:9)
  5 komodo dragons
  An ancient zyme (Lair:5)
  2 trolls
  A polar bear (Lair:3)
  A hornet (D:10)
  32 blink frogs
  3 ynoxinuls (Lair:5)
  4 spriggans
  A shadow (D:9)
  4 wyverns
  A vampire (D:9)
  16 yaks
  2 basilisks
  A wraith (D:8)
  A vampire mosquito (D:8)
  2 chaos spawn (Lair:5)
  A steam dragon (D:7)
  An acid dragon (D:8)
  4 wargs (Orc:2)
  7 water moccasins
  18 orc warriors
  An ice beast (D:7)
  6 black bears
  A sky beast (D:8)
  6 ogres
  8 centaurs
  11 wolves
  8 kobold brigands
  14 bullfrogs
  2 gnoll sergeants
  2 necrophages
  3 scorpions
  11 small abominations (Lair:5)
  3 wights (D:10)
  12 killer bees
  2 electric eels
  A howler monkey (D:9)
  16 orc priests
  A gnoll bouda (D:5)
  3 hounds
  5 iguanas
  Natasha (thrice) (D:2)
  15 orc wizards
  5 hell rats (Lair:3)
  9 gnolls
  10 river rats
  8 adders
  A white imp (D:7)
  2 ufetubi
  8 worms
  4 dart slugs
  69 orcs
  11 endoplasms
  7 giant cockroaches
  5 goblins
  8 hobgoblins
  4 jackals (D:2)
  4 quokkas
  9 ball pythons
  5 bats
  5 frilled lizards
  24 kobolds
  16 rats
514 creatures vanquished.

Vanquished Creatures (collateral kills)
  A death yak (Lair:1)
  A killer bee (D:8)
  2 gnoll boudas (D:8)
  5 gnolls (D:8)
9 creatures vanquished.

Vanquished Creatures (others)
  3 killer bees (D:8)
  A ball python (D:4)
  3 kobolds (D:9)
  37 fungi
  93 plants
137 creatures vanquished.

Grand Total: 660 creatures vanquished

Notes
Turn   | Place    | Note
-------+----------+-------------------------------------------
     0 | D:1      | greynaab the Gnoll Earth Elementalist began the quest for
                  | the Orb.
     0 | D:1      | Reached XP level 1. HP: 13/13 MP: 6/6
     0 | D:1      | Noticed an octopode
     0 | D:1      | Noticed a gargoyle
     1 | D:1      | Noticed a human
     3 | D:1      | Noticed a merfolk
     6 | D:1      | Noticed a naga
     7 | D:1      | Noticed an elf
     8 | D:1      | Noticed a tengu
     9 | D:1      | Noticed a naga
    11 | D:1      | Noticed a human
    11 | D:1      | Noticed a merfolk
    15 | D:1      | Noticed a spriggan
    15 | D:1      | Noticed a minotaur
    17 | D:1      | Noticed a merfolk
    19 | D:1      | Noticed a demonspawn
   119 | D:1      | Reached XP level 2. HP: 19/19 MP: 2/7
   633 | D:1      | Reached skill level 5 in Spellcasting
   633 | D:1      | Reached XP level 3. HP: 25/25 MP: 6/9
  1067 | D:2      | Found a faded altar of an unknown god.
  1133 | D:2      | Reached skill level 1 in Invocations
  1303 | D:2      | Noticed Natasha
  1311 | D:2      | Reached skill level 1 in Fighting
  1311 | D:2      | Reached skill level 1 in Short Blades
  1311 | D:2      | Reached skill level 1 in Long Blades
  1311 | D:2      | Reached skill level 1 in Axes
  1311 | D:2      | Reached skill level 1 in Maces & Flails
  1311 | D:2      | Reached skill level 1 in Polearms
  1311 | D:2      | Reached skill level 1 in Staves
  1311 | D:2      | Reached skill level 1 in Ranged Weapons
  1311 | D:2      | Reached skill level 1 in Throwing
  1311 | D:2      | Reached skill level 1 in Armour
  1311 | D:2      | Reached skill level 1 in Shields
  1311 | D:2      | Reached skill level 1 in Unarmed Combat
  1311 | D:2      | Reached skill level 1 in Evocations
  1411 | D:2      | Learned a level 3 spell: Stone Arrow
  1534 | D:2      | Killed Natasha
  1535 | D:2      | Reached XP level 4. HP: 26/32 MP: 9/11
  1617 | D:2      | Noticed Natasha
  1622 | D:2      | Killed Natasha
  1623 | D:2      | Reached skill level 1 in Conjurations
  1623 | D:2      | Reached skill level 1 in Hexes
  1623 | D:2      | Reached skill level 1 in Summonings
  1623 | D:2      | Reached skill level 1 in Necromancy
  1623 | D:2      | Reached skill level 1 in Translocations
  1623 | D:2      | Reached skill level 1 in Fire Magic
  1623 | D:2      | Reached skill level 1 in Ice Magic
  1623 | D:2      | Reached skill level 1 in Air Magic
  1623 | D:2      | Reached skill level 1 in Poison Magic
  1649 | D:2      | Learned a level 4 spell: Petrify
  1812 | D:2      | Noticed Natasha
  1947 | D:2      | Killed Natasha
  1948 | D:2      | Reached XP level 5. HP: 33/37 MP: 8/12
  3206 | D:4      | Reached XP level 6. HP: 31/44 MP: 11/14
  3275 | D:4      | Reached skill level 5 in Dodging
  3816 | D:5      | Entered Level 5 of the Dungeon
  3822 | D:5      | Reached XP level 7. HP: 51/51 MP: 10/15
  3866 | D:5      | Reached skill level 5 in Stealth
  4500 | D:5      | Reached XP level 8. HP: 58/58 MP: 12/16
  4693 | D:5      | Found a staircase to the Ecumenical Temple.
  4702 | Temple   | Entered the Ecumenical Temple
  4986 | Temple   | Became a worshipper of Vehumet
  5144 | D:5      | Found a shimmering altar of Xom.
  5585 | D:6      | Found a glowing drain.
  5605 | Sewer    | Entered a sewer
  6027 | Sewer    | Reached * piety under Vehumet
  6027 | Sewer    | Offered knowledge of Kiss of Death by Vehumet.
  6497 | D:6      | Reached XP level 9. HP: 65/65 MP: 15/18
  6594 | D:6      | Identified the +2 ring mail "Withrod" {Contam Int+3 Dex+6}
  7687 | D:7      | Reached skill level 5 in Invocations
  7802 | D:7      | Offered knowledge of Freeze by Vehumet.
  7858 | D:7      | Reached ** piety under Vehumet
  8381 | D:7      | Found a glowing silver altar of Zin.
  8542 | D:8      | Noticed a purple ugly thing
  8619 | D:8      | Learned a level 4 spell: Airstrike
  8728 | D:8      | Reached skill level 5 in Fighting
  8728 | D:8      | Reached skill level 5 in Short Blades
  8728 | D:8      | Reached skill level 5 in Long Blades
  8728 | D:8      | Reached skill level 5 in Axes
  8728 | D:8      | Reached skill level 5 in Maces & Flails
  8728 | D:8      | Reached skill level 5 in Polearms
  8728 | D:8      | Reached skill level 5 in Staves
  8728 | D:8      | Reached skill level 5 in Ranged Weapons
  8728 | D:8      | Reached skill level 5 in Throwing
  8728 | D:8      | Reached skill level 5 in Armour
  8728 | D:8      | Reached skill level 5 in Shields
  8728 | D:8      | Reached skill level 5 in Unarmed Combat
  8728 | D:8      | Reached skill level 5 in Evocations
  8728 | D:8      | Reached XP level 10. HP: 28/74 MP: 18/20
  8989 | D:8      | Offered knowledge of Inner Flame by Vehumet.
  9056 | D:9      | Reached *** piety under Vehumet
  9156 | D:8      | Learned a level 3 spell: Swiftness
  9387 | D:8      | Identified the ring "Voruexeh" {Fly rN+ rCorr MP+9 Dex+3}
  9409 | D:8      | Killed a purple ugly thing
  9410 | D:8      | Reached skill level 5 in Transmutations
  9573 | D:8      | Found a staircase to the Lair.
  9632 | Lair:1   | Entered Level 1 of the Lair of Beasts
  9632 | Lair:1   | Noticed a death yak
  9632 | Lair:1   | Noticed a death yak
  9632 | Lair:1   | Noticed a death yak
  9632 | Lair:1   | Noticed a death yak
  9632 | Lair:1   | Noticed a death yak
  9633 | Lair:1   | Noticed a death yak
  9734 | D:8      | Identified the +8 dire flail of Trauma {antimagic, +Blink
                  | rElec rC+ Will-}
  9915 | D:9      | Offered knowledge of Ignite Poison by Vehumet.
  9929 | D:8      | Learned a level 3 spell: Ignite Poison
 10029 | D:9      | Noticed a kobold demonologist
 10035 | D:9      | Killed a kobold demonologist
 10065 | D:10     | Entered Level 10 of the Dungeon
 10207 | D:9      | Killed an unseen horror
 10528 | D:10     | Found Foiseomi's Overcharged Wands.
 10567 | D:10     | Reached **** piety under Vehumet
 10571 | D:10     | Reached skill level 5 in Conjurations
 10571 | D:10     | Reached skill level 5 in Hexes
 10571 | D:10     | Reached skill level 5 in Summonings
 10571 | D:10     | Reached skill level 5 in Necromancy
 10571 | D:10     | Reached skill level 5 in Translocations
 10571 | D:10     | Reached skill level 5 in Fire Magic
 10571 | D:10     | Reached skill level 5 in Ice Magic
 10571 | D:10     | Reached skill level 5 in Air Magic
 10571 | D:10     | Reached skill level 5 in Poison Magic
 10571 | D:10     | Reached XP level 11. HP: 78/81 MP: 22/22
 10650 | D:10     | Noticed a two-headed ogre
 10660 | D:10     | Killed a two-headed ogre
 10716 | D:10     | Offered knowledge of Freezing Cloud by Vehumet.
 10726 | D:10     | Learned a level 5 spell: Freezing Cloud
 11458 | D:9      | Found a staircase to the Orcish Mines.
 11842 | Orc:1    | Entered Level 1 of the Orcish Mines
 12465 | D:8      | Gained mutation: Potions are less effective at restoring
                  | your health. [potion of mutation]
 12465 | D:8      | Gained mutation: Your spells are a little harder to cast,
                  | but a little more powerful. [potion of mutation]
 12493 | D:8      | Identified a scroll of acquirement
 12493 | D:8      | Acquired a book of Beasts
 12919 | Lair:2   | Noticed a death yak
 13274 | Lair:1   | Killed a death yak
 13281 | Lair:1   | Killed a death yak
 13305 | Lair:1   | Killed a death yak
 13305 | Lair:1   | Killed a death yak
 13308 | Lair:1   | Killed a death yak
 13309 | Lair:1   | Reached XP level 12. HP: 81/91 MP: 24/24
 13322 | Lair:1   | Killed a death yak
 13742 | Lair:2   | Killed a death yak
 13857 | Lair:2   | Found a staircase to the Snake Pit.
 14171 | Lair:2   | Noticed a catoblepas
 14180 | Lair:2   | Killed a catoblepas
 14485 | Lair:2   | Noticed a four-headed hydra
 14493 | Lair:2   | Killed a four-headed hydra
 15025 | Lair:3   | Noticed a five-headed hydra
 15031 | Lair:3   | Killed a five-headed hydra
 15246 | Lair:3   | Noticed a five-headed hydra
 15251 | Lair:3   | Killed a five-headed hydra
 15252 | Lair:3   | Reached XP level 13. HP: 98/98 MP: 26/26
 15596 | Lair:3   | Identified the +11 short sword "Aqeudd" {vorpal, rPois}
 15627 | Lair:3   | Found a staircase to the Shoals.
 15666 | Lair:3   | Reached ***** piety under Vehumet
 15762 | Lair:3   | Offered knowledge of Fireball by Vehumet.
 15769 | Lair:3   | Learned a level 5 spell: Fireball
 16619 | Lair:4   | Found a viscous altar of Jiyva.
 16620 | Lair:4   | Found a staircase to the Slime Pits.
 16635 | Lair:4   | Reached skill level 10 in Spellcasting
 17433 | Lair:5   | Entered Level 5 of the Lair of Beasts
 17624 | Lair:5   | Identified the amulet of Ceaczuch {RegenMP Harm}
 17960 | Lair:5   | Reached skill level 10 in Dodging
 18109 | Lair:5   | Reached skill level 10 in Stealth
 18633 | Lair:5   | Reached XP level 14. HP: 103/108 MP: 28/28
 18639 | Lair:5   | Reached skill level 10 in Invocations
 18901 | Lair:5   | Found a corrupted altar of Lugonu.
 19028 | Lair:5   | Found a one-way gate to the infinite horrors of the Abyss.
 19199 | Lair:5   | Offered knowledge of Olgreb's Toxic Radiance by Vehumet.
 19205 | Lair:5   | Learned a level 4 spell: Olgreb's Toxic Radiance
 19786 | Orc:2    | Entered Level 2 of the Orcish Mines
 20010 | Orc:2    | Found a staircase to the Elven Halls.
 20935 | Orc:2    | Noticed Saint Roka
 21199 | Orc:2    | Found Nucitie's Antique Armour Shop.
 21219 | Orc:2    | Found Uxadwoyh's Jewellery Shop.
 21236 | Orc:2    | Found Peschud's Antique Weapon Shop.
 21238 | Orc:2    | Found Arori's General Store.
 21398 | Orc:2    | HP: 1/108 [Saint Roka/divine providence (13)]
 21405 | Orc:2    | Killed from afar by Saint Roka

Illustrated notes

Levels and vault maps discovered:
D:1:      shiori_arrival_whats_in_store_for_you, layout_loops_ring,
          chequers_serial_rivers_small_a
D:2:      layout_rooms, nicolae_ecumenical_oubliette, uniq_natasha
D:3:      layout_basic
D:4:      layout_basic
D:5:      layout_basic, tgw_xom, lemuel_temple_firewalk_b
D:6:      layout_cave_pods, portal_sewer_entry_a, hex_medium
D:7:      layout_loops_ring, marbit_many_paths, eino_tiny_chamber, fountainhead,
          minmay_misc_feat_tower
D:8:      minmay_tri_box, layout_rooms, lair_entry_dummy, serial_bayou_pond_b
D:9:      layout_rooms, hiddenorc1_lemuel
D:10:     layout_gridville, nicolae_shop_overcharged_wands
Temple:   mainiacjoe_temple_cubbyholes
Lair:1:   layout_loops_ring, wad_woods_02
Lair:2:   layout_gridlike, dummy_snake_entry, nicolae_lair_run_with_the_wolves
Lair:3:   layout_cave_pods, minmay_shoals_entry_centaurs,
          kennysheep_abandoned_house
Lair:4:   layout_regular_city, slime_entry_1, pond
Lair:5:   hellmonk_lair_end_abyssal_woods, layout_regular_city, minivault_19,
          minivault_23, chequers_serial_rivers_micro_d
Orc:1:    layout_caves
Orc:2:    grunt_orc_cross, layout_diamond_mine

Skill      XL: |  1  2  3  4  5  6  7  8  9 10 11 12 13 14 |
---------------+-------------------------------------------+-----
Transmutations | 2 3 4 5 6 7 8 |  8.3
Spellcasting   | 5 6 7 8 9 10 | 10.8
Invocations    | 1 2 3 4 5 6 7 8 9 10 | 10.5
Fighting       | 1 2 3 5 6 7 8 9 |  9.6
Short Blades   | 1 2 3 5 6 7 8 9 |  9.6
Long Blades    | 1 2 3 5 6 7 8 9 |  9.6
Axes           | 1 2 3 5 6 7 8 9 |  9.6
Maces & Flails | 1 2 3 5 6 7 8 9 |  9.6
Polearms       | 1 2 3 5 6 7 8 9 |  9.6
Staves         | 1 2 3 5 6 7 8 9 |  9.6
Ranged Weapons | 1 2 3 5 6 7 8 9 |  9.6
Throwing       | 1 2 3 5 6 7 8 9 |  9.6
Armour         | 1 2 3 5 6 7 8 9 |  9.6
Shields        | 1 2 3 5 6 7 8 9 |  9.6
Unarmed Combat | 1 2 3 5 6 7 8 9 |  9.6
Evocations     | 1 2 3 5 6 7 8 9 |  9.6
Conjurations   | 1 2 3 4 5 6 7 8 |  8.0
Hexes          | 1 2 3 4 5 6 7 8 |  8.0
Summonings     | 1 2 3 4 5 6 7 8 |  8.0
Necromancy     | 1 2 3 4 5 6 7 8 |  8.0
Translocations | 1 2 3 4 5 6 7 8 |  8.0
Fire Magic     | 1 2 3 4 5 6 7 8 |  8.0
Ice Magic      | 1 2 3 4 5 6 7 8 |  8.0
Air Magic      | 1 2 3 4 5 6 7 8 |  8.0
Poison Magic   | 1 2 3 4 5 6 7 8 |  8.0
Dodging        | 5 6 7 8 9 10 | 10.7
Stealth        | 5 6 7 8 9 10 | 10.5
Earth Magic    | 6 7 8 9 |  9.8

Action                   |  1- 3 |  4- 6 |  7- 9 | 10-12 | 13-15 || total
-------------------------+-------+-------+-------+-------+-------++-------
Melee: Bite              |     1 |       |     1 |    23 |    10 ||    35
       Unarmed           |     1 |       |       |       |       ||     1
       Spear             |     1 |       |       |       |       ||     1
       Staff             |       |       |     3 |    40 |       ||    43
       Trident           |       |       |    12 |       |       ||    12
       Punch             |       |       |     2 |     2 |       ||     4
       War axe           |       |       |       |    25 |       ||    25
       Dagger            |       |       |       |    68 |    80 ||   148
       Flail             |       |       |       |    12 |       ||    12
 Fire: Sling             |       |     5 |       |       |       ||     5
Throw: Dart              |     5 |       |       |   179 |    92 ||   276
       Boomerang         |       |       |       |     1 |       ||     1
 Cast: Sandblast         |    49 |    72 |   141 |    88 |    28 ||   378
       Stone Arrow       |       |       |    19 |     6 |     7 ||    32
       Petrify           |       |       |     3 |     6 |       ||     9
       Airstrike         |       |       |     3 |    11 |     5 ||    19
       Ignite Poison     |       |       |       |    68 |    57 ||   125
       Freezing Cloud    |       |       |       |    11 |    64 ||    75
       Fireball          |       |       |       |       |    16 ||    16
       Olgreb's Toxic Ra |       |       |       |       |    43 ||    43
       Swiftness         |       |       |       |       |     2 ||     2
Evoke: Wand              |       |     1 |     7 |    16 |       ||    24
       Box of beasts     |       |       |       |       |     1 ||     1
  Use: Scroll            |       |       |    12 |    11 |     6 ||    29
       Potion            |       |       |     5 |     8 |     4 ||    17
 Stab: Sleeping          |       |       |       |       |     3 ||     3
       Distracted        |       |       |       |       |     2 ||     2
Armor: Robe              |     6 |     2 |    14 |     1 |       ||    23
       Acid dragon scale |       |       |       |    74 |    21 ||    95
Dodge: Dodged            |    17 |     8 |    45 |   111 |    43 ||   224
Block: Other             |       |       |    12 |    35 |       ||    47
       Reflection        |       |       |       |     2 |     3 ||     5
       Buckler           |       |       |       |    60 |    45 ||   105

Table legend: (Time is in decaauts)
 A = Elapsed time spent in this place.
 B = Non-inter-level travel time spent in this place.
 C = Inter-level travel time spent in this place.
 D = Time resting spent in this place.
 E = Time spent auto-exploring this place.
 F = Levels seen in this place.
 G = Mean time per level.
                   A        B        C        D        E       F      G
               +--------+--------+--------+--------+--------+-----+--------+
         Total |  21650 |  19912 |   1738 |   3582 |  12419 |  19 | 1139.5 |
       Dungeon |  11385 |  10504 |    881 |   1828 |   6707 |  10 | 1138.5 |
        Temple |    321 |    266 |     55 |      0 |    264 |   1 |  321.0 |
          Lair |   7142 |   6651 |    491 |   1452 |   3951 |   5 | 1428.4 |
  Orcish Mines |   1865 |   1555 |    310 |    302 |    754 |   2 |  932.5 |
         Sewer |    934 |    934 |      0 |      0 |    742 |   1 |  934.0 |
               +--------+--------+--------+--------+--------+-----+--------+

Top non-repeatable levels by time:
  Lair:5: 2155 daAuts
     D:8: 1710 daAuts
  Lair:3: 1463 daAuts
   Orc:2: 1383 daAuts
     D:5: 1373 daAuts
     D:1: 1248 daAuts
  Lair:4: 1248 daAuts
     D:7: 1150 daAuts
  Lair:1: 1139 daAuts
  Lair:2: 1136 daAuts
     D:9: 1096 daAuts
    D:10: 1096 daAuts
     D:6: 1080 daAuts
     D:3: 1023 daAuts
   Sewer: 934 daAuts
